 Dungeon Crawl Stone Soup version 0.31.0-11-ge490571c62 (webtiles) character file.

Game seed: 5918694712243401936

24320 juan097 the Nimble (level 13, -10/98 (99) HPs)
             Began as a Gnoll Hexslinger on Feb 1, 2024.
             Was a High Priest of Fedhas.
             Mangled by a two-headed ogre
             ... wielding a +0 giant club
              (25 damage)
             ... on level 2 of the Orcish Mines.
             The game lasted 01:17:24 (17106 turns).

juan097 the Nimble (Gnoll Hexslinger)              Turns: 17106, Time: 01:17:26

HP:   -10/98 (99)   AC: 19    Str:  9    XL:     13   Next: 12%
MP:   33/34         EV: 16    Int: 15    God:    Fedhas [*****.]
Gold: 1259          SH:  0    Dex: 23    Spells: 19/29 levels left

rFire   + . .        b - +9 hammer of Daijaerr {flame, Int+3}
rCold   x . .        (no shield)
rNeg    . . .        v - +9 ring mail "Souxagum" {Harm}
rPois   .            (no helmet)
rElec   .            C - scarf {repulsion}
rCorr   .            y - +1 pair of gloves
SInv    +            j - +0 pair of boots of Wuoxterr {Dex+4 SInv}
Will    .....        (no amulet)
Stlth   ++++         V - ring of magical power
HPRegen 0.36/turn    P - ring of fire
MPRegen 0.24/turn

%: harm (+30% outgoing, +20% incoming), repel missiles
@: lethally poisoned (-10 -> -14), spiked, lightly drained
A: fangs 1, strong nose, distributed training
a: Renounce Religion, Wall of Briars, Grow Ballistomycete, Overgrow, Grow Oklob


You were on level 2 of the Orcish Mines.
You worshipped Fedhas.
Fedhas was extremely pleased with you.
You visited 4 branches of the dungeon, and saw 16 of its levels.
You visited the Abyss 1 time.
You also visited: Bailey.

You collected 1608 gold pieces.
You spent 349 gold pieces at shops.

Inventory:

Hand Weapons
 a - a +1 sling of freezing
 b - the +9 hammer of Daijaerr (weapon) {flame, Int+3}
   (You found it on level 5 of the Dungeon)

   Int+3:     It affects your intelligence (+3).
 z - a +0 orcbow
 M - the +6 rapier of the Grave {flame, Will+}
   (You found it on level 11 of the Dungeon)

   Will+:     It increases your willpower.
 X - the +3 whip of Wyrd {antimagic, rElec rPois Str+3}
   (You found it on level 10 of the Dungeon)

   Str+3:     It affects your strength (+3).
   rElec:     It insulates you from electricity.
   rPois:     It protects you from poison
Missiles
 m - 3 silver javelins
 r - 12 poisoned darts (quivered)
 B - a throwing net
 D - 37 boomerangs
 K - 2 javelins
 S - 2 curare-tipped darts
Armour
 j - the +0 pair of boots of Wuoxterr (worn) {Dex+4 SInv}
   (You acquired it on level 12 of the Dungeon)

   Dex+4:     It affects your dexterity (+4).
   SInv:      It lets you see invisible.
 v - the +9 ring mail "Souxagum" (worn) {Harm}
   (You found it on level 4 of the Dungeon)

   Harm:      It increases damage dealt and taken.
 y - a +1 pair of gloves (worn)
 C - a scarf of repulsion (worn)
Jewellery
 q - a ring of flight
 s - a ring of positive energy
 P - a ring of fire (right hand)
 V - a ring of magical power (left hand)
Talismans
 w - a flux talisman
Wands
 t - a wand of iceblast (10)
 O - a wand of flame (25)
Scrolls
 c - 2 scrolls of fear
 d - 2 scrolls of revelation
 e - 3 scrolls of summoning
 f - 4 scrolls of vulnerability
 g - 2 scrolls of poison
 i - 2 scrolls of blinking
 n - 2 scrolls of brand weapon
 o - 5 scrolls of teleportation
 p - 4 scrolls of enchant weapon
 E - 3 scrolls of noise
 F - 2 scrolls of immolation
 H - a scroll of amnesia
 N - a scroll of silence
 R - a scroll of fog
 W - 4 scrolls of torment
Potions
 h - a potion of brilliance
 l - 4 potions of cancellation
 u - a potion of resistance
 x - 3 potions of might
 A - 3 potions of magic
 G - 2 potions of attraction {unknown}
 I - a potion of invisibility
 J - a potion of enlightenment
 L - 3 potions of lignification
 Q - 2 potions of heal wounds
 Y - 2 potions of mutation
 Z - a potion of haste {unknown}
Miscellaneous
 T - a tin of tremorstones (inert)


   Skills:
 + Level 8.7 Fighting
 + Level 8.3 Short Blades
 + Level 8.3 Long Blades
 + Level 8.3 Axes
 + Level 8.3 Maces & Flails
 + Level 8.3 Polearms
 + Level 8.3 Staves
 + Level 9.5 Ranged Weapons
 + Level 8.3 Throwing
 + Level 8.3 Armour
 + Level 9.5 Dodging
 + Level 8.3 Stealth
 + Level 8.3 Shields
 + Level 8.3 Unarmed Combat
 + Level 8.8 Spellcasting
 + Level 6.9 Conjurations
 + Level 8.9 Hexes
 + Level 6.9 Summonings
 + Level 6.9 Necromancy
 + Level 6.9 Translocations
 + Level 7.3 Fire Magic
 + Level 6.9 Ice Magic
 + Level 6.9 Air Magic
 + Level 6.9 Earth Magic
 + Level 6.9 Alchemy
 + Level 9.1 Invocations
 + Level 8.3 Evocations
 + Level 7.5 Shapeshifting


You had 19 spell levels left.
You knew the following spells:

 Your Spells              Type           Power      Damage    Failure   Level
a - Jinxbite              Hex            66%        N/A       1%          2
b - Sigil of Binding      Hex            33%        N/A       1%          3
c - Inner Flame           Hex/Fire       46%        N/A       2%          3
d - Cigotuvi's Dreadful   Necr/Alch/Air  54%        N/A       2%          2

Your spell library contained the following spells:

 Spells                   Type           Power      Damage    Failure   Level
 Slow                     Hex            100%       N/A       1%          1
 Confusing Touch          Hex            33%        N/A       1%          3
 Vampiric Draining        Necr           27%        2d7       4%          3
 Cause Fear               Hex            16%        N/A       7%          4
 Dimensional Bullseye     Hex/Tloc       15%        N/A       10%         4
 Summon Blazeheart Golem  Fire/Summ      41%        N/A       14%         4
 Animate Dead             Necr           27%        N/A       16%         4
 Dispel Undead            Necr           27%        3d13      16%         4
 Martyr's Knell           Necr/Summ      27%        N/A       16%         4
 Death Channel            Necr           13%        N/A       93%         6
 Orb of Destruction       Conj           13%        9d7       100%        7
 Spellforged Servitor     Conj/Summ      13%        N/A       100%        7


Dungeon Overview and Level Annotations

Branches:
Dungeon (12/15)            Temple (1/1) D:6            Lair (1/5) D:8
    Orc (2/2) D:12            Elf (0/3) Orc:2        Bailey (visited)

Altars:
Ashenzari
Cheibriados
Dithmenos
Elyvilon
Fedhas
Gozag
Hepliaklqana
Kikubaaqudgha
Makhleb
Nemelex Xobeh
Okawaru
Qazlal
Ru
Sif Muna
Trog
Uskayaw
Vehumet
Wu Jian
Xom
Yredelemnul
Zin
The Shining One

Shops:
D:3 *   D:5 ?   D:8 ***

Annotations:
D:5 exclusion: troll
Lair:1 Harold


Innate Abilities, Weirdness & Mutations

You have very sharp teeth.
Your uncanny sense of smell can sniff out nearby items.
Your experience applies equally to all skills.


Message History

Press: ? - help, Q - select action, (/) - cycle Shift-Dir - straight line, f/p - orc sorcerer
Aim: an orc sorcerer, wielding a +0 dagger and wearing a +0 robe (severely wounded, inner flame, 64% to hit)
You shoot a sling bullet.
The sling bullet barely misses the orc sorcerer.
You feel sick.
The red devil hits you but does no damage.
You are more poisoned.
You feel better. The orc sorcerer completely misses you.
The red devil hits you but does no damage.
You are poisoned.
Unknown command.
Your +1 sling of freezing stops glowing.
You feel clever.
The +9 hammer of Daijaerr {flame, Int+3} bursts into flame!
b - the +9 hammer of Daijaerr (weapon)
{flame, Int+3} You feel sick.
The orc sorcerer closely misses you.
You hit the orc sorcerer.
Flame seeps out of the orc sorcerer.
You burn the orc sorcerer.
Flame seeps out of the orc sorcerer.
The orc sorcerer is severely wounded.
You feel sick.
The red devil hits you but does no damage.
An orc wizard comes into view. It is wielding a +0 dagger.
The orc sorcerer is engulfed in blazing flames.
Fedhas appreciates your contribution to the ecosystem.
The red devil disappears in a puff of smoke!
The orc sorcerer explodes!
The fiery explosion engulfs the two-headed ogre!!
The two-headed ogre is severely wounded.
The fiery explosion engulfs you!! You resist.
* * * LOW HITPOINT WARNING * * *
The orc wizard shouts!
You hear a shout! x12
The barbed spikes dig painfully into your body as you move.
* * * LOW HITPOINT WARNING * * *
You feel sick.
The two-headed ogre is engulfed in blazing flames.
The two-headed ogre attacks as it pursues you!
The two-headed ogre barely misses you.
The two-headed ogre hits you with a +0 giant club!!
You die...
Fedhas appreciates your contribution to the ecosystem.

..............###[...........##
..............##..............#
.............####.............#
.............###.)...#...........
.........#....#..<........#...#..
.................[[[.............
..#............[[[...............
............<...[................
...............[@........#......
............).[.§O........#....
....#...........§○§.......#...
................§§§......#.#
............................
..#........####..#.....#..#
.#.........# ##.#.[...#.#
.#.#.##...# ###8...8# #####....#
#...o.#


You could see a two-headed ogre.

Vanquished Creatures
  An orc warlord (Bailey)
  3 two-headed ogres
  A boulder beetle (D:12)
  An orc high priest (Orc:1)
  Sonja (Orc:2)
  2 orc sorcerers
  An ugly thing (D:12)
  4 orc knights
  2 deep elf pyromancers (D:12)
  Pikel (D:6)
  A manticore (D:11)
  Maggie (D:10)
  A komodo dragon (D:8)
  Psyche (D:9)
  4 trolls
  A hornet (D:9)
  A blink frog (Lair:1)
  Sigmund (D:3)
  3 shadows
  3 wraiths
  3 wyverns
  A ynoxinul (D:10)
  A vampire (D:11)
  19 yaks
  2 wargs (Orc:1)
  A steam dragon (D:9)
  5 vampire mosquitoes
  3 acid dragons
  2 water moccasins
  A sky beast (D:7)
  2 ice beasts (D:7)
  4 ogres
  3 centaurs
  26 orc warriors
  2 wolves (Lair:1)
  A lemure (D:6)
  A kobold brigand (D:11)
  2 bullfrogs
  2 gnoll sergeants
  5 scorpions
  9 wights
  6 killer bees (D:8)
  9 howler monkeys
  4 bombardier beetles
  7 hounds
  19 orc priests
  Crazy Yiuf (D:5)
  3 jellies
  6 iguanas
  Jessica (D:2)
  27 orc wizards
  7 adders
  12 gnolls
  3 white imps
  2 ufetubi (D:6)
  2 dart slugs
  4 ribbon worms
  83 orcs
  6 endoplasms
  17 giant cockroaches
  14 goblins
  5 hobgoblins
  5 jackals
  2 quokkas
  4 ball pythons
  8 bats
  2 frilled lizards (D:1)
  20 kobolds
  12 rats
420 creatures vanquished.

Vanquished Creatures (collateral kills)
  3 ballistomycete spores
3 creatures vanquished.

Vanquished Creatures (others)
  An orc wizard (D:7)
1 creature vanquished.

Grand Total: 424 creatures vanquished

Notes
Turn   | Place    | Note
-------+----------+-------------------------------------------
     0 | D:1      | juan097 the Gnoll Hexslinger began the quest for the Orb.
     0 | D:1      | Reached XP level 1. HP: 17/17 MP: 4/4
   227 | D:1      | Reached XP level 2. HP: 23/23 MP: 5/5
   421 | D:1      | Found a faded altar of an unknown god.
   487 | D:1      | Reached XP level 3. HP: 28/28 MP: 7/7
   639 | D:1      | Reached skill level 1 in Invocations
   975 | D:1      | Reached skill level 1 in Short Blades
   975 | D:1      | Reached skill level 1 in Long Blades
   975 | D:1      | Reached skill level 1 in Axes
   975 | D:1      | Reached skill level 1 in Maces & Flails
   975 | D:1      | Reached skill level 1 in Polearms
   975 | D:1      | Reached skill level 1 in Staves
   975 | D:1      | Reached skill level 1 in Throwing
   975 | D:1      | Reached skill level 1 in Armour
   975 | D:1      | Reached skill level 1 in Stealth
   975 | D:1      | Reached skill level 1 in Shields
   975 | D:1      | Reached skill level 1 in Unarmed Combat
   975 | D:1      | Reached skill level 1 in Evocations
  1129 | D:2      | Found a snail-covered altar of Cheibriados.
  1204 | D:2      | Reached skill level 1 in Shapeshifting
  1204 | D:2      | Reached XP level 4. HP: 10/34 MP: 8/8
  1378 | D:2      | Learned a level 2 spell: Jinxbite
  1382 | D:2      | Learned a level 3 spell: Sigil of Binding
  1399 | D:2      | Noticed Jessica
  1409 | D:2      | Killed Jessica
  1410 | D:2      | Reached skill level 1 in Conjurations
  1410 | D:2      | Reached skill level 1 in Summonings
  1410 | D:2      | Reached skill level 1 in Necromancy
  1410 | D:2      | Reached skill level 1 in Translocations
  1410 | D:2      | Reached skill level 1 in Ice Magic
  1410 | D:2      | Reached skill level 1 in Air Magic
  1410 | D:2      | Reached skill level 1 in Earth Magic
  1410 | D:2      | Reached skill level 1 in Alchemy
  1751 | D:3      | Noticed Sigmund
  2183 | D:4      | Reached XP level 5. HP: 41/41 MP: 6/9
  2210 | D:4      | Learned a level 3 spell: Inner Flame
  2482 | D:4      | Reached XP level 6. HP: 24/47 MP: 7/11
  2614 | D:4      | Reached skill level 5 in Ranged Weapons
  2614 | D:4      | Reached skill level 5 in Dodging
  2764 | D:4      | Identified the +9 ring mail "Souxagum" {Harm}
  3063 | D:5      | Entered Level 5 of the Dungeon
  3180 | D:5      | Reached XP level 7. HP: 27/52 MP: 9/12
  3329 | D:5      | You are sucked into a shaft and drop 2 floors!
  3407 | D:7      | Noticed a wyvern
  3848 | D:6      | Reached XP level 8. HP: 30/60 MP: 11/14
  4253 | D:5      | Noticed a troll
  4848 | D:5      | Found a runed translucent door.
  4849 | D:5      | Noticed Crazy Yiuf
  4978 | D:5      | Found Haitag's Magic Scroll Emporium.
  4982 | D:5      | Bought a scroll of noise for 11 gold pieces
  4982 | D:5      | Bought a scroll of teleportation for 33 gold pieces
  4982 | D:5      | Bought a scroll of identify for 22 gold pieces
  4982 | D:5      | Bought a scroll of immolation for 44 gold pieces
  4982 | D:5      | Bought a scroll of enchant armour for 82 gold pieces
  4982 | D:5      | Bought a scroll of identify for 22 gold pieces
  5534 | D:3      | Killed Sigmund
  5535 | D:3      | Reached XP level 9. HP: 67/67 MP: 11/16
  5877 | D:3      | Found a white marble altar of Elyvilon.
  5916 | D:3      | Found Cuennora's General Store.
  5925 | D:3      | Bought a potion of lignification for 36 gold pieces
  6013 | D:3      | Found an opulent altar of Gozag.
  6017 | D:3      | Found an ornate altar of the Wu Jian Council.
  6406 | D:5      | Bought a scroll of vulnerability for 44 gold pieces
  6473 | D:5      | Killed Crazy Yiuf
  6474 | D:5      | Reached skill level 5 in Spellcasting
  6477 | D:5      | Identified the +9 hammer of Daijaerr {flame, Int+3}
  6749 | D:6      | Reached skill level 5 in Fighting
  6812 | D:6      | Found a staircase to the Ecumenical Temple.
  6882 | Temple   | Found a transporter.
  6882 | Temple   | Found a transporter.
  6882 | Temple   | Found a transporter.
  6882 | Temple   | Found a transporter.
  6882 | Temple   | Entered the Ecumenical Temple
  6909 | Temple   | Became a worshipper of Fedhas Madash
  7041 | D:6      | Found an ancient bone altar of Kikubaaqudgha.
  7047 | D:6      | Found a shadowy altar of Dithmenos.
  7488 | D:6      | Noticed Pikel
  7500 | D:6      | Killed Pikel
  7501 | D:6      | Reached skill level 5 in Invocations
  7941 | D:7      | Reached skill level 5 in Short Blades
  7941 | D:7      | Reached skill level 5 in Long Blades
  7941 | D:7      | Reached skill level 5 in Axes
  7941 | D:7      | Reached skill level 5 in Maces & Flails
  7941 | D:7      | Reached skill level 5 in Polearms
  7941 | D:7      | Reached skill level 5 in Staves
  7941 | D:7      | Reached skill level 5 in Throwing
  7941 | D:7      | Reached skill level 5 in Armour
  7941 | D:7      | Reached skill level 5 in Stealth
  7941 | D:7      | Reached skill level 5 in Shields
  7941 | D:7      | Reached skill level 5 in Unarmed Combat
  7941 | D:7      | Reached skill level 5 in Evocations
  7941 | D:7      | Reached XP level 10. HP: 76/76 MP: 12/18
  8304 | D:8      | Found a flagged portal.
  8327 | D:8      | Reached * piety under Fedhas
  8340 | Bailey   | Entered a bailey
  8345 | Bailey   | Noticed an orc warlord
  8432 | Bailey   | Noticed an orc knight
  8475 | Bailey   | Killed an orc knight
  8708 | Bailey   | Reached skill level 5 in Fire Magic
  8762 | Bailey   | Found a runed translucent gate.
  8764 | Bailey   | Found a runed translucent gate.
  8768 | Bailey   | Found a runed translucent gate.
  8911 | Bailey   | Killed an orc warlord
  8911 | Bailey   | Reached ** piety under Fedhas
  8912 | Bailey   | Reached skill level 5 in Shapeshifting
  9129 | D:8      | Found Xotisyuva's General Store.
  9131 | D:8      | Found Deiblucics's Specific Store.
  9138 | D:8      | Bought a potion of heal wounds for 55 gold pieces
  9433 | D:8      | Found Xuckyu's Mass Market.
  9724 | D:8      | Found a staircase to the Lair.
  9798 | Lair:1   | Entered Level 1 of the Lair of Beasts
  9798 | Lair:1   | Noticed Harold
  9814 | Lair:1   | Noticed a cane toad
  9976 | D:8      | Reached skill level 5 in Conjurations
  9976 | D:8      | Reached skill level 5 in Summonings
  9976 | D:8      | Reached skill level 5 in Necromancy
  9976 | D:8      | Reached skill level 5 in Translocations
  9976 | D:8      | Reached skill level 5 in Ice Magic
  9976 | D:8      | Reached skill level 5 in Air Magic
  9976 | D:8      | Reached skill level 5 in Earth Magic
  9976 | D:8      | Reached skill level 5 in Alchemy
 10046 | D:9      | Reached XP level 11. HP: 83/83 MP: 21/21
 10595 | D:9      | Noticed Psyche
 10614 | D:9      | Killed Psyche
 10888 | D:9      | Reached *** piety under Fedhas
 11424 | D:10     | Entered Level 10 of the Dungeon
 11641 | D:10     | Noticed Maggie
 11656 | D:10     | Killed Maggie
 11815 | D:10     | Found a bloodstained altar of Trog.
 11826 | D:10     | Found a shimmering blue altar of Sif Muna.
 11830 | D:10     | Got Sif Muna's Elucidation of the Damned
 11874 | D:10     | Identified the +3 whip of Wyrd {antimagic, rElec rPois
                  | Str+3}
 12293 | D:11     | Reached **** piety under Fedhas
 12356 | D:11     | Noticed a manticore
 12363 | D:11     | Killed a manticore
 12422 | D:11     | Identified the +6 rapier of the Grave {flame, Will+}
 12662 | D:11     | Learned a level 2 spell: Cigotuvi's Dreadful Rot
 12681 | D:11     | Reached XP level 12. HP: 78/91 MP: 23/23
 13007 | D:11     | Noticed a two-headed ogre
 13016 | D:11     | Killed a two-headed ogre
 13448 | D:12     | Noticed a two-headed ogre
 13644 | D:12     | Reached ***** piety under Fedhas
 13679 | D:12     | Found a staircase to the Orcish Mines.
 13798 | D:12     | Acquired the +0 pair of boots of Wuoxterr {Dex+4 SInv}
 14202 | D:12     | Killed a two-headed ogre
 14503 | D:12     | Noticed a two-headed ogre
 14521 | D:12     | Killed a two-headed ogre
 14568 | D:12     | Noticed a boulder beetle
 14593 | D:12     | Killed a boulder beetle
 14995 | Orc:1    | Entered Level 1 of the Orcish Mines
 15397 | Orc:1    | Noticed an orc high priest
 15400 | Orc:1    | Killed an orc high priest
 15442 | Orc:1    | Noticed a soul eater
 15651 | Orc:2    | Entered Level 2 of the Orcish Mines
 16341 | Orc:2    | Reached XP level 13. HP: 95/99 MP: 25/25
 16817 | Orc:2    | Noticed an orc warlord
 16891 | Orc:2    | Noticed Sonja
 16916 | Abyss:2  | Found a corrupted altar of Lugonu.
 16916 | Abyss:2  | Cast into level 2 of the Abyss (Sonja)
 16984 | Orc:2    | Escaped the Abyss
 16986 | Orc:2    | Killed Sonja
 16995 | Orc:2    | Found a staircase to the Elven Halls.
 17094 | Orc:2    | Paralysed by an orc sorcerer for 2 turns
 17097 | Orc:2    | Paralysed by an orc sorcerer for 3 turns
 17106 | Orc:2    | Mangled by a two-headed ogre

Illustrated notes

Levels and vault maps discovered:
D:1:      dpeg_arrival_boxorama, layout_loops_corners,
          ebering_ecumenical_altar_box
D:2:      minmay_roachtagon, layout_rooms, basic_altar,
          kennysheep_generic_room_5, uniq_jessica
D:3:      kb_forest_paths, layout_basic, jmf_multi_god_temple2,
          nicolae_overflow_crystal_walls, serial_shops, shop, uniq_sigmund
D:4:      layout_basic, serial_bayou_ford_a, due_unseen_surprise
D:5:      layout_basic, serial_shops, nicolae_shop_back_alley_shop,
          uniq_crazy_yiuf_cottage
D:6:      layout_gridville, mainiacjoe_overflow_large_starburst,
          minmay_temple_entry_fiery, minmay_gold_behind_fungi,
          chequers_decorated_corner, grunt_ministairs_1, st_stairs_2, uniq_pikel
D:7:      layout_basic
D:8:      layout_basic, david_lair_shrubbed, enter_bailey_7,
          nicolae_specific_store, grunt_decor_resistance, minmay_shop_mass
D:9:      layout_loops_ring, patterned_corridor, uniq_psyche
D:10:     layout_rooms, nzn_overflow_gifts_of_might_and_magic, uniq_maggie
D:11:     layout_basic
D:12:     layout_roguey, hiddenorc2_lemuel
Temple:   hellmonk_temple_divided_pantheon
Lair:1:   beast_lair_carwin_large_1, layout_regular_city, minmay_holes,
          nicolae_lair_lakeside_cave, lemuel_fruit_fields, uniq_amaemon,
          uniq_nergalle, uniq_harold
Orc:1:    layout_caves
Orc:2:    grunt_orc_cross, layout_caves, uniq_sonja

Skill      XL: |  1  2  3  4  5  6  7  8  9 10 11 12 13 |
---------------+----------------------------------------+-----
Fire Magic     | 2 3 4 5 6 7 |  7.3
Invocations    | 1 2 3 4 5 6 7 8 9 |  9.1
Short Blades   | 1 2 3 5 6 7 8 |  8.3
Long Blades    | 1 2 3 5 6 7 8 |  8.3
Axes           | 1 2 3 5 6 7 8 |  8.3
Maces & Flails | 1 2 3 5 6 7 8 |  8.3
Polearms       | 1 2 3 5 6 7 8 |  8.3
Staves         | 1 2 3 5 6 7 8 |  8.3
Throwing       | 1 2 3 5 6 7 8 |  8.3
Armour         | 1 2 3 5 6 7 8 |  8.3
Stealth        | 1 2 3 5 6 7 8 |  8.3
Shields        | 1 2 3 5 6 7 8 |  8.3
Unarmed Combat | 1 2 3 5 6 7 8 |  8.3
Evocations     | 1 2 3 5 6 7 8 |  8.3
Shapeshifting  | 1 2 3 4 5 6 7 |  7.5
Spellcasting   | 3 4 5 6 7 8 |  8.8
Conjurations   | 1 2 3 4 5 6 |  6.9
Summonings     | 1 2 3 4 5 6 |  6.9
Necromancy     | 1 2 3 4 5 6 |  6.9
Translocations | 1 2 3 4 5 6 |  6.9
Ice Magic      | 1 2 3 4 5 6 |  6.9
Air Magic      | 1 2 3 4 5 6 |  6.9
Earth Magic    | 1 2 3 4 5 6 |  6.9
Alchemy        | 1 2 3 4 5 6 |  6.9
Fighting       | 3 4 5 6 7 8 |  8.7
Ranged Weapons | 5 6 7 8 9 |  9.5
Dodging        | 5 6 7 8 9 |  9.5
Hexes          | 6 7 8 |  8.9

Action                     |  1- 3 |  4- 6 |  7- 9 | 10-12 | 13-15 || total
---------------------------+-------+-------+-------+-------+-------++-------
  Melee: Dagger            |     1 |     2 |     3 |       |       ||     6
         Bite              |       |       |     9 |    42 |     3 ||    54
         Mace              |       |       |    40 |   273 |    22 ||   335
         War axe           |       |       |     2 |       |       ||     2
         Short sword       |       |       |       |     6 |       ||     6
         Punch             |       |       |       |    20 |     1 ||    21
         Sling             |       |       |       |     1 |       ||     1
   Fire: Sling             |   121 |   120 |   309 |   449 |    61 ||  1060
  Throw: Dart              |       |     2 |     1 |    20 |       ||    23
         Javelin           |       |       |       |     6 |       ||     6
         Throwing net      |       |       |       |     1 |       ||     1
   Cast: Jinxbite          |       |    19 |    25 |     2 |       ||    46
         Sigil of Binding  |       |       |     3 |    12 |     1 ||    16
         Inner Flame       |       |       |     9 |    46 |    11 ||    66
         Cigotuvi's Dreadf |       |       |       |     2 |       ||     2
 Invoke: Grow Ballistomyce |       |       |       |     2 |       ||     2
         Wall of Briars    |       |       |       |     1 |       ||     1
  Evoke: Wand              |       |       |       |    14 |     2 ||    16
         Tin of tremorston |       |       |       |     4 |       ||     4
    Use: Scroll            |       |       |    13 |    13 |     1 ||    27
         Potion            |       |       |       |     5 |     1 ||     6
   Stab: Sleeping          |     1 |       |       |       |       ||     1
 Armour: Robe              |    31 |    15 |       |       |       ||    46
         Ring mail         |       |    27 |   139 |   280 |    28 ||   474
  Dodge: Dodged            |    55 |    39 |   108 |   300 |    29 ||   531
         Repelled          |       |       |       |     7 |     2 ||     9
